 Dungeon Crawl Stone Soup version 0.30-b1-2-g02819fbbbe (webtiles) character file.

Game seed: 4803550454791623769

60 raph the Grave Robber (level 3, -4/19 HPs)
             Began as a Deep Elf Necromancer on Nov 28, 2023.
             Killed from afar by Terence (10 damage)
             ... with a puff of flame
             ... on level 2 of the Dungeon.
             The game lasted 00:03:47 (2202 turns).

raph the Grave Robber (Deep Elf Necromancer)        Turns: 2202, Time: 00:03:48

Health: -4/19      AC:  2    Str:  5    XL:     3   Next: 82%
Magic:  6/10       EV: 13    Int: 21    God:
Gold:   82         SH:  0    Dex: 15    Spells: 0/9 levels left

rFire   . . .        g - +0 dagger
rCold   . . .        (no shield)
rNeg    . . .        a - +0 robe
rPois   .            (no helmet)
rElec   .            (no cloak)
rCorr   .            (no gloves)
SInv    .            (no boots)
Will    .....        (no amulet)
Stlth   ++           (no ring)
HPRegen 0.23/turn    (no ring)
MPRegen 0.12/turn

%: no passive effects
@: no status effects
A: no striking features
a: no special abilities


You were on level 2 of the Dungeon.
You visited 1 branch of the dungeon, and saw 2 of its levels.

You collected 82 gold pieces.

Inventory:

Hand Weapons
 g - a +0 dagger (weapon)
Missiles
 i - 2 poisoned darts
Armour
 a - a +0 robe (worn)
Jewellery
 e - a ring of ice
Scrolls
 c - a scroll of magic mapping {unknown}
Potions
 b - a potion of magic
 d - a potion of cancellation


   Skills:
 + Level 3.1 Dodging
 + Level 3.1 Stealth
 + Level 3.5 Spellcasting
 + Level 0.0 Conjurations
 * Level 5.6 Necromancy
 + Level 0.7 Poison Magic


You couldn't memorise any spells.
You knew the following spells:

 Your Spells              Type           Power      Damage    Failure   Level
a - Necrotise             Necr           100%       1d9       1%          1
b - Poisonous Vapours     Pois/Air       10%        N/A       17%         2
c - Vampiric Draining     Necr           27%        2d7       3%          3
d - Mephitic Cloud        Conj/Pois/Air  4%         N/A       34%         3

Your spell library contained the following spells:

 Spells                   Type           Power      Damage    Failure   Level
 Animate Dead             Necr           27%        N/A       12%         4
 Agony                    Necr           27%        N/A       34%         5
 Freezing Cloud           Conj/Ice/Air   1%         6-21      98%         5


Dungeon Overview and Level Annotations

Branches:
Dungeon (2/15)

Altars:

Annotations:
D:2 Sigmund, Terence


Message History

The giant cockroach writhes in agony.
Aiming: Necrotise (safe; 1% risk of failure)
Press: ? - help, Q - select action, (/) - cycle Shift-Dir - straight line, f/p - giant cockroach
Aim: a giant cockroach (moderately wounded, chance to affect: 93%)
The giant cockroach writhes in agony!
You kill the giant cockroach!
Aiming: Necrotise (safe; 1% risk of failure)
Press: ? - help, Q - select action, (/) - cycle Shift-Dir - straight line Nothing appears to happen.
Unknown command.
You start resting.
Magic restored.
Found a stone staircase leading down.
You see here a giant cockroach corpse.
Found an escape hatch in the floor.
c - a scroll labelled WAGUOQ TUDGHOTS
Found a chain mail.
You now have 82 gold pieces (gained 12).
Found a scroll labelled WOMUIRCHAGEU.
You see here a scroll of identify.
Terence shouts!
Terence zaps a wand.
The puff of flame hits you!
Casting: Necrotise (safe; 1% risk of failure)
Confirm with . or Enter, or press ? or * to list all spells.
Aiming: Poisonous Vapours (safe; 17% risk of failure)
Press: ? - help, Dir - move target, f - Terence
Aim: Terence, wielding a +0 flail, wearing a +0 scale mail and carrying a wand of flame (3) Poisonous vapours surround Terence!
Terence is poisoned.
Casting: Poisonous Vapours (safe; 17% risk of failure)
Confirm with . or Enter, or press ? or * to list all spells.
Aiming: Poisonous Vapours (safe; 17% risk of failure)
Press: ? - help, Dir - move target, f/p - Terence
Aim: Terence, wielding a +0 flail, wearing a +0 scale mail and carrying a wand of flame (3) (lightly wounded, poisoned) Poisonous vapours surround Terence!
Terence looks even sicker.
Terence says, "You're history."
Terence zaps a wand.
The puff of flame hits you! Terence looks scornfully at you.
Terence zaps a wand.
The puff of flame hits you!
Ouch! That really hurt!
You die...

##.h......#####..............##
....##......................#
........................#
....................###.#
..............#.##.####.##
..............#..........#
.....................##..#
.....................##..#
#......@...@.........##..#
##..>........<..........##
##...#.................##
...#.?####.........#...#
......[## #.........#...#
..#.### #########...### #?
#######..## # #........#
#......).#


You could see Terence (very poisoned).

Vanquished Creatures
  An adder (D:2)
  2 worms (D:2)
  3 ball pythons
  2 endoplasms (D:1)
  2 giant cockroaches
  3 goblins
  6 hobgoblins
  9 jackals
  A quokka (D:1)
  3 bats
  A frilled lizard (D:1)
  2 kobolds (D:1)
  2 rats
37 creatures vanquished.

Vanquished Creatures (collateral kills)
  A jackal (D:1)
1 creature vanquished.

Grand Total: 38 creatures vanquished

Notes
Turn   | Place    | Note
-------+----------+-------------------------------------------
     0 | D:1      | raph the Deep Elf Necromancer began the quest for the Orb.
     0 | D:1      | Reached XP level 1. HP: 10/10 MP: 6/6
   154 | D:1      | Reached skill level 5 in Necromancy
   215 | D:1      | Reached XP level 2. HP: 15/15 MP: 2/8
   596 | D:1      | Learned a level 2 spell: Poisonous Vapours
   855 | D:1      | Reached XP level 3. HP: 19/19 MP: 6/9
   859 | D:1      | Learned a level 3 spell: Vampiric Draining
   930 | D:2      | Noticed Terence
  1464 | D:2      | Noticed Sigmund
  1872 | D:2      | Learned a level 3 spell: Mephitic Cloud
  1883 | D:2      | Identified the +8 chain mail of Contentment {+Inv}
  2202 | D:2      | Killed from afar by Terence

Illustrated notes

Levels and vault maps discovered:
D:1:      lightli_arrival_boilingwater, layout_basic
D:2:      layout_rooms, uniq_sigmund, uniq_terence

Skill      XL: |  1  2  3 |
---------------+----------+-----
Necromancy     | 5 |  5.6
Stealth        | 3 |  3.1
Dodging        | 3 |  3.1
Spellcasting   | |  3.5
Poison Magic   | |  0.7

Action                     || total
---------------------------++-------
  Melee: Dagger            ||     1
   Cast: Necrotise         ||    54
         Poisonous Vapours ||    16
         Vampiric Draining ||     1
    Use: Scroll            ||     3
   Stab: Distracted        ||     1
 Armour: Robe              ||     1
  Dodge: Dodged            ||     4
